 Dungeon Crawl Stone Soup version 0.20-b1-2-gc5a9893 (webtiles) character file.

11795 Hook the Covert (level 12, -1/72 HPs)
             Began as a Kobold Enchanter on May 22, 2017.
             Was a Believer of Dithmenos.
             Slain by a warg (15 damage)
             ... on level 11 of the Dungeon.
             The game lasted 00:56:24 (13976 turns).

Hook the Covert (Kobold Enchanter)                 Turns: 13976, Time: 00:56:25

Health: -1/72      AC:  6    Str: 12    XL:     12   Next: 12%
Magic:  7/22       EV: 21    Int: 17    God:    Dithmenos [**....]
Gold:   441        SH:  0    Dex: 17    Spells: 12/24 levels left

rFire    . . .     SeeInvis +   j - +2 rapier (drain)
rCold    . . .     Gourm    .   (shield restricted)
rNeg     . . .     Faith    .   y - +0 leather armour
rPois    +         Spirit   .   (no helmet)
rElec    .         Reflect  .   u - scarf {cloud immunity}
rCorr    .         Harm     .   l - +0 pair of gloves
MR       .....                  e - +1 pair of boots
Stlth    ++++++....             (no amulet)
Regen    0.3/turn               z - ring of see invisible
MPRegen  0.2/turn               R - ring of poison resistance

@: wreathed by umbra
A: agile 1, carnivore 3, strong 1, wild magic 1, evolution 1
a: Shadow Step, Renounce Religion


You were on level 11 of the Dungeon.
You worshipped Dithmenos.
Dithmenos was pleased with you.
You were completely stuffed.

You visited 2 branches of the dungeon, and saw 12 of its levels.

You collected 606 gold pieces.
You spent 165 gold pieces at shops.

Inventory:

Hand Weapons
 j - a +2 rapier of draining (weapon)
 D - a +4 dagger of electrocution
 I - a +4 dagger
 Q - a +4 dagger of pain
Missiles
 s - 5 tomahawks (quivered)
 w - 46 poisoned needles
 S - 5 javelins
Armour
 e - a +1 pair of boots (worn)
 l - a +0 pair of gloves (worn)
 u - a scarf of cloud immunity (worn)
 y - a +0 leather armour (worn)
Jewellery
 k - an uncursed ring of flight
 n - an uncursed ring of ice
 z - a ring of see invisible (left hand)
 R - a ring of poison resistance (right hand)
 U - an uncursed amulet of rage
Wands
 b - a wand of lightning (5/15)
 x - a wand of polymorph (9/24)
 A - a wand of digging (6/24)
 G - a wand of flame (32/48)
 J - a wand of flame (48/48)
 K - a wand of confusion (48/48)
 M - a wand of digging (7/24)
 P - a wand of lightning (4/15)
 V - a wand of confusion (41/48)
Scrolls
 f - a scroll of fear
 i - 6 scrolls of teleportation
 r - 4 scrolls of amnesia
 t - a scroll of fog
 E - 10 scrolls of remove curse
Potions
 a - a potion of heal wounds
 g - a potion of haste
 h - a potion of mutation
 m - a potion of brilliance {unknown}
 o - a potion of magic {unknown}
 p - 4 potions of curing {unknown}
 q - 2 potions of degeneration {unknown}
 B - 3 potions of might {unknown}
 C - a potion of agility
 N - 2 potions of resistance
 O - a potion of lignification {unknown}
Books
 c - a book of Maledictions

   Spells                             Type                      Level
   a - Corona                         Hexes                        1
   b - Ensorcelled Hibernation        Hexes/Ice                    2
   c - Confuse                        Hexes                        3
   d - Tukima's Dance                 Hexes                        3
   e - Dazzling Spray                 Conjuration/Hexes            3
Miscellaneous
 L - a sack of spiders
Comestibles
 d - 8 meat rations
 F - 12 royal jellies


   Skills:
 * Level 7.6 Fighting
 * Level 10.4 Short Blades
 + Level 0.7 Throwing
 + Level 3.5 Armour
 * Level 9.1 Dodging
 * Level 12.0 Stealth
 + Level 6.8 Spellcasting
 + Level 0.8 Conjurations
 + Level 6.7 Hexes
 + Level 2.8 Ice Magic
 + Level 0.2 Invocations


You had 12 spell levels left.
You knew the following spells:

 Your Spells              Type           Power        Failure   Level  Hunger
a - Corona                Hex            #####..      1%          1    None
b - Ensorcelled Hibernat  Hex/Ice        ####..       5%          2    None
c - Confuse               Hex            #####...     4%          3    ##.....
d - Tukima's Dance        Hex            #####...     4%          3    ##.....
e - Dazzling Spray        Conj/Hex       ###...       14%         3    ##.....


Dungeon Overview and Level Annotations

Branches:
Dungeon (11/15)            Temple (1/1) D:7            Lair (0/6) D:9
    Orc: D:9-12

Altars:
Ashenzari
Cheibriados
Dithmenos
Elyvilon
Fedhas
Gozag
Hepliaklqana
Kikubaaqudgha
Makhleb
Nemelex Xobeh
Okawaru
Qazlal
Ru
Trog
Uskayaw
Vehumet
Xom
Yredelemnul
Zin

Shops:
D:5 =   D:6 *   D:7 :   D:9 [}

Annotations:
D:3 alfred1011's ghost, novice DsHu
D:9 Erica


Innate Abilities, Weirdness & Mutations

You are small and have problems with some larger weapons.
You are carnivorous and can eat meat at any time.
You are agile. (Dex +2)
Your muscles are strong. (Str +2)
Your spells are a little harder to cast, but a little more powerful.
You evolve.


Message History

The warg easily resists.
The warg completely misses you.
Casting: Ensorcelled Hibernation
Confirm with . or Enter, or press ? or * to list all spells.
Aiming: Ensorcelled Hibernation
Press: ? - help, Shift-Dir - straight line, f/p - warg
Aim: a warg (umbra, chance to defeat MR: 39%)
The warg easily resists.
The warg misses you.
Casting: Ensorcelled Hibernation
Confirm with . or Enter, or press ? or * to list all spells.
Aiming: Corona
Press: ? - help, Shift-Dir - straight line, f/p - warg
Aim: a warg (umbra, chance to defeat MR: 58%)
The warg struggles to resist.
The warg misses you.
Casting: Corona
Confirm with . or Enter, or press ? or * to list all spells.
Aiming: Corona
Press: ? - help, Shift-Dir - straight line, f/p - warg
Aim: a warg (umbra, chance to defeat MR: 58%)
The warg is outlined in light.
The warg barely misses you. The warg bites you!
You die...

#### ...# ###+########
...# #..........# ...#
#..........#
...######.+..........#
...'......#..........#
...########..........###
...# #............. ####
#@## ###h)###.##. .....#
##........... ....#
######.≈≈≈≈≈≈≈..≈≈ ≈≈u.#
######
#...(..≈######''## #≈..#
.....# #......≈# .#
#≈..# .....###......≈# #
#≈..# ...[.#((......≈#
#≈..# [[..(((#......≈#
#≈.#


You could see a warg.

Vanquished Creatures
  2 hydras (D:11)
  A centaur warrior (D:8)
  Pikel (D:4)
  4 trolls
  A queen bee (shapeshifter) (D:8)
  A hippogriff (D:7)
  A shadow (D:8)
  A wyvern (D:11)
  3 hungry ghosts
  A human (D:7)
  7 yaks
  2 hogs (D:6)
  2 wargs (D:11)
  2 porcupines (D:9)
  A water moccasin (D:8)
  3 orc warriors
  2 sky beasts (D:11)
  2 black bears
  2 ice beasts
  3 phantoms
  A slave (D:4)
  4 ogres
  7 centaurs
  7 bullfrogs
  A gnoll sergeant (D:6)
  2 scorpions
  5 killer bees
  2 howler monkeys
  15 wights
  2 electric eels (D:11)
  2 crimson imps
  A quasit (D:10)
  A bullfrog zombie (D:6)
  3 bullfrog skeletons
  7 hounds
  8 orc wizards
  4 centaur zombies
  3 orc priests
  Jessica (D:2)
  Natasha (thrice) (D:2)
  3 iguanas
  7 worker ants
  A howler monkey zombie (D:6)
  15 adders
  7 gnolls
  A shadow imp (D:8)
  2 adder zombies
  A worm (D:3)
  A dart slug (D:2)
  5 leopard geckos
  35 orcs
  7 bats
  8 giant cockroaches
  9 goblins
  7 hobgoblins
  3 quokkas
  3 frilled lizards
  9 kobolds
  A quokka zombie (D:6)
  9 rats
  A spectral orc (D:9)
256 creatures vanquished.

Vanquished Creatures (others)
  A sky beast (D:11)
  A centaur (D:11)
  A leopard gecko (D:4)
  An orc (D:9)
  A plant (D:9)
5 creatures vanquished.

Grand Total: 261 creatures vanquished

Notes
Turn   | Place    | Note
-------+----------+-------------------------------------------
     0 | D:1      | Hook the Kobold Enchanter began the quest for the Orb.
     0 | D:1      | Reached XP level 1. HP: 10/10 MP: 3/3
   503 | D:1      | Reached XP level 2. HP: 15/15 MP: 5/5
   538 | D:1      | Learned a level 2 spell: Ensorcelled Hibernation
   988 | D:2      | Noticed Natasha
   996 | D:2      | Noticed Jessica
  1001 | D:2      | Killed Natasha
  1001 | D:2      | Reached XP level 3. HP: 20/20 MP: 6/6
  1007 | D:2      | Killed Jessica
  1007 | D:2      | Reached XP level 4. HP: 24/24 MP: 1/7
  1142 | D:2      | Reached skill level 1 in Fighting
  1161 | D:2      | Noticed Natasha
  1275 | D:2      | Killed Natasha
  1275 | D:2      | Reached skill level 5 in Stealth
  1275 | D:2      | Reached XP level 5. HP: 5/29 MP: 8/8
  1571 | D:2      | Noticed Natasha
  1585 | D:2      | Killed Natasha
  2148 | D:3      | Noticed alfred1011's ghost (novice DsHu)
  2252 | D:3      | Reached XP level 6. HP: 30/34 MP: 4/9
  2817 | D:4      | Noticed a phantom
  2862 | D:4      | Noticed a slave
  3043 | D:4      | Noticed a slave
  3044 | D:4      | Noticed a slave
  3069 | D:4      | Killed a slave
  3257 | D:4      | Noticed Pikel
  3257 | D:4      | Noticed a slave
  3259 | D:4      | Killed Pikel
  3259 | D:4      | Reached skill level 1 in Armour
  3259 | D:4      | Reached skill level 6 in Stealth
  3259 | D:4      | Reached XP level 7. HP: 40/40 MP: 7/11
  3302 | D:4      | Reached skill level 5 in Short Blades
  3302 | D:4      | Reached XP level 8. HP: 8/45 MP: 8/12
  3600 | D:4      | Found a shattered altar of Ashenzari.
  3687 | D:5      | Entered Level 5 of the Dungeon
  3687 | D:5      | Found Gurory's Jewellery Boutique.
  3741 | D:5      | Bought an uncursed ring of see invisible for 165 gold pieces
  3797 | D:5      | Reached skill level 5 in Dodging
  4657 | D:6      | Reached skill level 7 in Stealth
  4844 | D:6      | Found Piadywu's Assorted Antiques.
  4908 | D:6      | Reached skill level 1 in Ice Magic
  4930 | D:6      | Learned a level 3 spell: Confuse
  5023 | D:6      | Reached XP level 9. HP: 49/52 MP: 9/14
  5059 | D:6      | Found a sparkling altar of Nemelex Xobeh.
  5277 | D:7      | Found a blossoming altar of Fedhas.
  5300 | D:5      | Gained mutation: Your muscles are strong. (Str +2) [potion of mutation]
  5300 | D:5      | Gained mutation: You evolve. [potion of mutation]
  5300 | D:5      | HP: 2/52 [poisoned by a killer bee]
  5740 | D:7      | Found a staircase to the Ecumenical Temple.
  5791 | Temple   | Entered the Ecumenical Temple
  5880 | Temple   | Became a worshipper of Dithmenos the Shadowed
  5927 | D:7      | Noticed a hippogriff
  5944 | Temple   | Reached skill level 8 in Stealth
  5952 | D:7      | Killed a hippogriff
  6113 | D:7      | Learned a level 3 spell: Tukima's Dance
  6145 | D:7      | Found Xuitircha's Book Shoppe.
  6307 | D:7      | Reached skill level 5 in Hexes
  6612 | D:6      | Reached skill level 5 in Fighting
  6612 | D:6      | Reached skill level 9 in Stealth
  6903 | D:6      | Reached XP level 10. HP: 59/59 MP: 12/17
  7324 | D:8      | Reached * piety under Dithmenos
  7654 | D:8      | Noticed an elephant
  7699 | D:8      | Noticed a fire crab
  7699 | D:8      | an elephant changed into a fire crab
  7775 | D:8      | Reached skill level 5 in Spellcasting
  8006 | D:8      | Gained mutation: You are agile. (Dex +2) [evolution]
  8720 | D:8      | Found a large runed door.
  8722 | D:8      | Found a large runed door.
  8937 | D:8      | Noticed a two-headed ogre
  9688 | D:9      | Learned a level 3 spell: Dazzling Spray
  9729 | D:9      | Reached skill level 10 in Stealth
 10044 | D:9      | Found a basalt altar of Yredelemnul.
 10140 | D:9      | Reached XP level 11. HP: 59/66 MP: 1/19
 10508 | D:9      | Found Namenico's Antique Armour Shoppe.
 10553 | D:9      | Found a staircase to the Lair.
 10576 | D:10     | Entered Level 10 of the Dungeon
 10638 | D:9      | Reached ** piety under Dithmenos
 10639 | D:9      | Found an iron altar of Okawaru.
 10692 | D:9      | Noticed a two-headed ogre
 10737 | D:9      | Found a hide-covered altar of Uskayaw.
 11003 | D:9      | Identified a scroll of acquirement
 11050 | D:9      | Found Inoicoun's Gadget Emporium.
 11090 | D:9      | Found a sacrificial altar of Ru.
 11221 | D:9      | Noticed Erica
 11278 | D:8      | Found a stormy altar of Qazlal.
 11278 | D:8      | Noticed a centaur warrior
 11282 | D:8      | Killed a centaur warrior
 11282 | D:8      | Reached skill level 11 in Stealth
 11299 | D:8      | Found a glowing silver altar of Zin.
 11299 | D:8      | Noticed a cyclops
 12360 | D:11     | Noticed a six-headed hydra
 13399 | D:11     | Noticed a green ugly thing
 13547 | D:11     | Noticed a seven-headed hydra
 13617 | D:11     | Reached skill level 10 in Short Blades
 13624 | D:11     | Killed a six-headed hydra
 13628 | D:11     | Reached XP level 12. HP: 72/72 MP: 16/22
 13718 | D:11     | Noticed a seven-headed hydra
 13872 | D:10     | Gained mutation: Your spells are a little harder to cast, but a little more powerful. [evolution]
 13968 | D:11     | Killed a seven-headed hydra
 13972 | D:11     | Reached skill level 12 in Stealth
 13976 | D:11     | Slain by a warg

Skill      XL: |  1  2  3  4  5  6  7  8  9 10 11 12 |
---------------+-------------------------------------+-----
Short Blades   | 2 3 4 5 7 8 10 | 10.4
Dodging        | 3 4 5 6 7 8 9 |  9.1
Fighting       | 1 2 3 5 6 7 |  7.6
Stealth        | 5 6 7 9 10 11 12 | 12.0
Armour         | 1 2 3 |  3.5
Spellcasting   | 3 4 5 6 |  6.8
Hexes          | 4 5 6 |  6.7
Ice Magic      | 1 2 |  2.8
Throwing       | |  0.7
Conjurations   | |  0.8
Invocations    | |  0.2

Action                   |  1- 3 |  4- 6 |  7- 9 | 10-12 || total
-------------------------+-------+-------+-------+-------++-------
Melee: Dagger            |    78 |   162 |   249 |   255 ||   744
       Unarmed           |       |    11 |       |       ||    11
       Rapier            |       |       |       |   221 ||   221
Throw: Stone             |       |     4 |     6 |     6 ||    16
       Tomahawk          |       |       |       |     3 ||     3
 Cast: Corona            |     5 |    19 |    40 |    65 ||   129
       Ensorcelled Hiber |     2 |     7 |    14 |    56 ||    79
       Confuse           |       |       |     2 |    14 ||    16
       Dazzling Spray    |       |       |       |     5 ||     5
       Tukima's Dance    |       |       |       |     4 ||     4
Invok: Shadow Step       |       |       |       |     1 ||     1
 Abil: Evoke Flight      |       |       |       |     1 ||     1
Evoke: Sack of spiders   |       |       |       |     2 ||     2
  Use: Scroll            |       |    10 |     6 |    13 ||    29
       Potion            |       |       |     5 |       ||     5
 Stab: Sleeping          |     3 |    10 |    13 |    37 ||    63
       Confused          |       |     2 |     2 |     5 ||     9
       Distracted        |       |       |       |     2 ||     2
  Eat: Chunk             |     9 |     8 |    18 |    30 ||    65
Armor: Robe              |    19 |    11 |       |       ||    30
       Leather armour    |       |    41 |    39 |    49 ||   129
       Skin              |       |     2 |       |       ||     2
Dodge: Dodged            |    45 |    98 |   159 |   402 ||   704
